 Dungeon Crawl Stone Soup version 0.22-a0-247-gbddf880 (webtiles) character file.

22852 Amnesiac the Prestidigitator (level 12, -9/64 HPs)
             Began as a Spriggan Fighter on Feb 26, 2018.
             Was an Initiate of Gozag.
             Killed by the air
             ... invoked by emperorscorpion's ghost
              (15 damage)
             ... on level 1 of the Orcish Mines.
             The game lasted 01:07:07 (27911 turns).

Amnesiac the Prestidigitator (Spriggan Fighter)    Turns: 27911, Time: 01:07:08

Health: -9/64      AC:  6    Str: 16    XL:     12   Next: 66%
Magic:  22/22      EV: 25    Int: 10    God:    Gozag
Gold:   4409       SH:  8    Dex: 16    Spells: 3/11 levels left

rFire    + . .     SeeInvis +   b - +2 dagger (venom)
rCold    + . .     Gourm    .   c - +0 buckler
rNeg     . . .     Faith    .   M - +2 robe "Milat" {rF+}
rPois    .         Spirit   .   F - +2 hat
rElec    .         Reflect  .   (no cloak)
rCorr    .         Harm     .   (gloves unavailable)
MR       ++...                  (boots unavailable)
Stlth    ++++......             o - amulet of rage
HPRegen  0.20/turn              C - ring of protection from cold
MPRegen  0.18/turn              I - ring of flight

@: gold aura, very quick
A: very small, unfitting armour, see invisible, herbivore, speed 3, slow
metabolism 2
a: Potion Petition, Call Merchant, Bribe Branch, Renounce Religion, Evoke
Berserk Rage, Evoke Flight


You were on level 1 of the Orcish Mines.
You worshipped Gozag.
Gozag was most pleased with you.
You were full.

You visited 4 branches of the dungeon, and saw 14 of its levels.
You also visited: Sewer and Bailey.

You collected 4516 gold pieces.
You paid 107 gold pieces to Gozag.

Inventory:

Hand Weapons
 a - a +0 hunting sling
 b - a +2 dagger of venom (weapon)
 w - a +1 blowgun
 y - a +2 dagger of speed
 B - a +2 dagger of flaming
 N - a +2 dagger of distortion
Missiles
 i - 153 stones
 l - 10 tomahawks
 n - 2 throwing nets (quivered)
 v - 26 poisoned needles
 A - 2 needles of sleeping
 L - 4 sling bullets
Armour
 c - a +0 buckler (worn)
 F - a +2 hat (worn)
 M - the +2 robe "Milat" (worn) {rF+}
   (You found it on level 6 of the Dungeon)

   It protects you from fire.
Jewellery
 j - the ring "Munaxzei" {*Slow MR+ Int+7 Dex+3}
   (You found it on level 7 of the Dungeon)

   [ring of protection from magic]

   It affects your intelligence (+7).
   It affects your dexterity (+3).
   It affects your resistance to hostile enchantments.
   It may slow you when you take damage.
 o - an amulet of rage (around neck)
 C - a ring of protection from cold (left hand)
 G - an uncursed ring of fire
 I - a ring of flight (right hand)
 P - an uncursed amulet of guardian spirit {unknown}
Wands
 u - a wand of random effects (13)
 D - a wand of polymorph (17)
 H - a wand of disintegration (2)
Scrolls
 e - 10 scrolls of teleportation {!r}
 f - a scroll of blinking {!r}
 h - 8 scrolls of remove curse {!r}
 k - 9 scrolls of enchant weapon {!r}
 p - 4 scrolls of magic mapping {!r}
 r - 3 scrolls of enchant armour {!r}
 s - 2 scrolls of fog {!r}
 O - a scroll of identify {!r}
Potions
 d - a potion of might {!q}
 g - 2 potions of curing {!q}
 m - 4 potions of flight {!q}
 q - a potion of mutation {!q}
 t - 3 potions of heal wounds {!q}
 x - 4 potions of brilliance {!q}
 z - 2 potions of agility {!q}
 E - 3 potions of cancellation {!q}
 J - 2 potions of invisibility {!q}
 K - 3 potions of lignification {!q}


   Skills:
 * Level 7.7 Fighting
 - Level 8.0 Short Blades
 - Level 12.0 Slings
 + Level 9.8 Dodging
 - Level 8.0 Stealth
 - Level 7.2 Shields
 + Level 12.3 Evocations


You had 3 spell levels left.
You knew the following spells:

 Your Spells              Type           Power        Failure   Level  Hunger
a - Poisonous Vapours     Pois/Air       #.....       50%         2    ###....
e - Mephitic Cloud        Conj/Pois/Air  #.......     75%         3    ####...
s - Conjure Flame         Conj/Fire      #.......     75%         3    ####...


Dungeon Overview and Level Annotations

Branches:
Dungeon (11/15)            Temple (1/1) D:5            Lair (1/6) D:8
    Orc (1/2) D:11

Altars:
Ashenzari
Cheibriados
Dithmenos
Elyvilon
Fedhas
Gozag
Hepliaklqana
Kikubaaqudgha
Makhleb
Nemelex Xobeh
Okawaru
Qazlal
Trog
Uskayaw
Vehumet
Wu Jian
Xom
Yredelemnul
Zin
The Shining One

Shops:
Orc:1 *

Annotations:
D:11 exclusions: centaur and hydra
Orc:1 emperorscorpion's ghost, journeyman DrTm


Innate Abilities, Weirdness & Mutations

You are very small and have problems with some larger weapons.
You are too small for most types of armour.
You have supernaturally acute eyesight. (SInv)
You are a herbivore.
You cover ground extremely quickly.
You need consume almost no food.


Message History

You now have 4409 gold pieces (gained 5).
Things that are here:
a chain mail; a scimitar
There is a staircase back to the Dungeon here.
An orc wizard comes into view. It is wielding a dagger.
The orc wizard shouts!
An orc wizard is nearby!
You hit the orc wizard.
The orc wizard is poisoned.
The orc wizard is moderately wounded.
An orc comes into view. It is wielding a war axe.
The orc shouts!
You hit the orc wizard but do no damage.
The orc wizard is moderately wounded.
You hear a howl!
The orc wizard gestures at you while chanting.
The magic dart hits you!
You hit the orc wizard but do no damage.
The orc wizard looks as sick as possible!
The orc wizard is heavily wounded.
The orc wizard hits you but does no damage.
An orc comes into view. It is wielding a mace.
The orc shouts!
You hit the orc wizard.
The orc wizard looks as sick as possible!
The orc wizard is severely wounded.
An orc priest comes into view. It is wielding a hand axe.
You puncture the orc wizard!
You kill the orc wizard!
A warg comes into view.
The orc priest is distracted by the nearby gold.
The warg moves out of view.
Things that are here:
7 gold pieces; a dagger; a robe You see here 13 gold pieces.
The orc hits you with a war axe!
The orc priest is no longer distracted by gold.
The warg misses you.
Emperorscorpion's ghost waves its arms in wide circles.
The air twists around and strikes you! You block the orc's attack.
The orc priest shouts!
You hit the orc priest.
The orc priest is poisoned.
The orc priest is moderately wounded.
The orc priest misses you. The warg closely misses you.
You hit the orc priest.
The orc priest looks as sick as possible!
The orc priest is heavily wounded.
The orc completely misses you. The orc hits you with a war axe.
The warg completely misses you.
You hit the orc priest but do no damage.
The orc priest looks as sick as possible!
The orc priest is heavily wounded.
The orc priest misses you.
Emperorscorpion's ghost waves its arms in wide circles.
The air twists around and strikes you!
* * * LOW HITPOINT WARNING * * *
You hit the orc priest.
You kill the orc priest!
The warg closely misses you. The orc hits you with a mace.
* * * LOW HITPOINT WARNING * * *
You block the orc's attack.
Emperorscorpion's ghost waves its arms in wide circles.
The air twists around and strikes you!
You die...
Your body crumbles into a pile of gold.

# ....... ### ....... ..# ###
#...... ..### ##.##
###.....### .##>####...#
#...W.....#... .....##...##
##.........#....
...#####.#.####.h$8###8......#
......#......#..@.#...#...W...
#...............oo#...#.......
##......##........#...#.......
......#####......$8#'#8......
...######.....##..$......#...$
.### #.....###.........# $ ...
#.....#####.....### ####
##....##.......## #
#.....##..#...##


You could see a warg, emperorscorpion's ghost and 2 orcs.

Vanquished Creatures
  6 two-headed ogres
  Urug (D:11)
  2 ugly things (D:10)
  2 orc knights
  The ghost of tsouns the Skirmisher, a novice GrWr (D:6)
  Psyche (D:11)
  A komodo dragon (Lair:1)
  2 trolls
  Grinder (D:3)
  A queen bee (D:10)
  Prince Ribbit (D:7)
  3 hornets
  2 hippogriffs (D:10)
  Sigmund (D:2)
  23 yaks
  A hungry ghost (D:11)
  10 wargs
  An acid dragon (D:11)
  Duvessa (D:6)
  2 water moccasins
  19 orc warriors
  4 sky beasts
  A black bear (D:11)
  A phantom (D:9)
  2 ice beasts
  An eye of draining (D:11)
  A necrophage (D:8)
  5 centaurs
  11 ogres
  4 big kobolds
  4 bullfrogs
  A wyvern zombie (D:11)
  Dowan (D:6)
  2 scorpions (D:5)
  33 killer bees
  9 wights
  5 crimson imps
  A centaur zombie (D:8)
  10 hounds
  2 bullfrog skeletons
  2 bullfrog zombies
  5 jellies
  8 orc priests
  14 orc wizards
  A centaur skeleton (D:6)
  2 iguanas
  10 worker ants
  A hound skeleton (D:9)
  A howler monkey zombie (D:8)
  A worker ant zombie (D:11)
  8 adders
  8 gnolls
  2 howler monkey skeletons (D:6)
  A shadow imp (D:6)
  3 oozes (Sewer)
  An adder zombie (D:3)
  2 adder skeletons
  7 worms
  A dart slug (D:3)
  3 leopard geckos
  74 orcs
  3 giant cockroaches (Sewer)
  42 goblins
  21 hobgoblins
  22 jackals
  3 quokkas
  5 ball pythons
  18 bats
  5 frilled lizards
  A giant cockroach zombie (D:5)
  A jackal skeleton (D:9)
  21 kobolds
  A quokka zombie (D:9)
  4 rats
482 creatures vanquished.

Notes
Turn   | Place    | Note
-------+----------+-------------------------------------------
     0 | D:1      | Amnesiac the Spriggan Fighter began the quest for the Orb.
     0 | D:1      | Reached XP level 1. HP: 11/11 MP: 2/2
    26 | D:1      | Reached skill level 1 in Stealth
   140 | D:3      | Found a bloodstained altar of Trog.
   158 | D:3      | Reached XP level 2. HP: 12/16 MP: 3/3
   233 | D:3      | Noticed a crimson imp
   602 | D:4      | Reached XP level 3. HP: 13/19 MP: 4/4
  2085 | D:5      | Entered Level 5 of the Dungeon
  2147 | D:5      | Reached XP level 4. HP: 10/23 MP: 5/5
  2376 | D:5      | Noticed a centaur
  2380 | D:5      | Found a staircase to the Ecumenical Temple.
  2391 | Temple   | Entered the Ecumenical Temple
  3139 | Temple   | Became a worshipper of Gozag Ym Sagoz the Greedy
  3255 | D:3      | Reached XP level 5. HP: 27/27 MP: 6/6
  3320 | D:2      | Found a glowing golden altar of the Shining One.
  4252 | D:2      | Reached skill level 5 in Short Blades
  4283 | D:2      | Reached skill level 5 in Stealth
  4404 | D:2      | Noticed Sigmund
  4420 | D:2      | Killed Sigmund
  4420 | D:2      | Reached XP level 6. HP: 32/32 MP: 7/7
  4711 | D:2      | Found a burning altar of Makhleb.
  4715 | D:2      | Found a hide-covered altar of Uskayaw.
  4886 | D:3      | Noticed Grinder
  4942 | D:3      | Killed Grinder
  4942 | D:3      | Reached XP level 7. HP: 4/35 MP: 8/8
  6769 | D:5      | Found a glowing silver altar of Zin.
  7014 | D:4      | Reached skill level 1 in Slings
  7779 | D:5      | Reached XP level 8. HP: 28/39 MP: 9/9
  8136 | D:5      | Reached skill level 5 in Slings
  9095 | D:6      | Noticed tsouns's ghost (novice GrWr)
  9142 | D:6      | Noticed Duvessa
  9142 | D:6      | Noticed Dowan
  9147 | D:6      | Found a glowing drain.
  9160 | Sewer    | Entered a sewer
 10429 | D:6      | Killed Duvessa
 10486 | D:6      | Killed Dowan
 10630 | D:6      | Killed tsouns's ghost
 10630 | D:6      | Reached XP level 9. HP: 42/43 MP: 10/10
 11204 | D:6      | You fall through a shaft for 3 floors!
 11376 | D:9      | Noticed a two-headed ogre
 11827 | D:9      | Killed a two-headed ogre
 11827 | D:9      | Reached skill level 10 in Slings
 12737 | D:9      | Reached XP level 10. HP: 47/47 MP: 11/11
 13260 | D:6      | Got a sheer robe
 13272 | D:6      | Reached skill level 5 in Shields
 13763 | D:7      | Noticed Prince Ribbit
 13794 | D:7      | Found a blossoming altar of Fedhas.
 13881 | D:7      | Killed Prince Ribbit
 14693 | D:7      | Identified the +2 robe "Milat" {rF+} (You found it on level 6 of the Dungeon)
 14913 | D:7      | Got a bound lead ring
 15088 | D:7      | Found a radiant altar of Vehumet.
 15101 | D:7      | Found a basalt altar of Yredelemnul.
 15103 | D:7      | Found a hazy altar of Hepliaklqana.
 15667 | D:8      | Found a staircase to the Lair.
 15984 | D:8      | Identified the ring "Munaxzei" {*Slow MR+ Int+7 Dex+3} (You found it on level 7 of the Dungeon)
 16095 | D:8      | Noticed a two-headed ogre
 16196 | D:8      | Killed a two-headed ogre
 16196 | D:8      | Reached skill level 5 in Dodging
 16374 | D:8      | Noticed a two-headed ogre
 16475 | D:8      | Killed a two-headed ogre
 16475 | D:8      | Reached XP level 11. HP: 54/54 MP: 12/12
 17701 | D:10     | Entered Level 10 of the Dungeon
 17701 | D:10     | Noticed a two-headed ogre
 17771 | D:10     | Noticed a two-headed ogre
 17863 | D:10     | Noticed a two-headed ogre
 17897 | D:10     | Reached skill level 5 in Fighting
 17954 | D:10     | Found a flagged portal.
 18312 | D:10     | Reached skill level 1 in Evocations
 18483 | D:10     | Killed a two-headed ogre
 18483 | D:10     | Reached skill level 5 in Evocations
 18627 | Bailey   | Entered a bailey
 20079 | Bailey   | Noticed an orc knight
 20139 | Bailey   | Killed an orc knight
 20882 | D:10     | Killed a two-headed ogre
 20882 | D:10     | Reached skill level 10 in Evocations
 22581 | D:11     | Noticed Urug
 22750 | D:11     | Killed Urug
 22750 | D:11     | Reached XP level 12. HP: 51/60 MP: 21/21
 23518 | D:11     | Noticed Psyche
 24019 | D:11     | Noticed a two-headed ogre
 24090 | D:11     | Killed a two-headed ogre
 24277 | D:11     | Found a shattered altar of Ashenzari.
 24850 | D:11     | Found a staircase to the Orcish Mines.
 25057 | D:11     | Noticed a four-headed hydra
 25930 | Orc:1    | Entered Level 1 of the Orcish Mines
 26531 | D:11     | Killed Psyche
 26669 | Orc:1    | Found Wuonwiel's Assorted Antiques.
 27017 | Orc:1    | Noticed emperorscorpion's ghost (journeyman DrTm)
 27261 | Lair:1   | Entered Level 1 of the Lair of Beasts
 27517 | Lair:1   | Learned a level 2 spell: Poisonous Vapours
 27521 | Lair:1   | Learned a level 3 spell: Conjure Flame
 27525 | Lair:1   | Learned a level 3 spell: Mephitic Cloud
 27911 | Orc:1    | Killed from afar by emperorscorpion's ghost

Vault maps used:
D:1:      dpeg_arrival_subterranean_lakeside_camping
D:2:      grunt_temple_overflow_open, first_ration, uniq_sigmund
D:3:      minmay_wonky_spiral, lemuel_doored_altar, minmay_cupped, uniq_grinder
D:5:      minmay_goblin_kobold_castle, overflow_temple_1_default,
          minmay_temple_entry_glassed_door
D:6:      cheibrodos_sewer_entry_sluice, kennysheep_generic_room_2, uniq_duvessa
D:7:      nicolae_overflow_crystal_walls, nicolae_overflow_hidden_temple,
          kennysheep_little_box, uniq_prince_ribbit1
D:8:      erik_lair_orcish_takeover
D:10:     enter_bailey_3, david_nohive_1
D:11:     hiddenorc1_lemuel, basic_altar, uniq_psyche, uniq_urug
Temple:   minmay_freezing_vapour_temple
Lair:1:   minmay_lair_oklob_chamber
Orc:1:    cheibrodos_orc_guarddog, serial_shops, shop_coins, shop, shop
Sewer:    sewer_fruit_machine
Bailey:   bailey_polearm_2, bailey

Skill      XL: |  1  2  3  4  5  6  7  8  9 10 11 12 |
---------------+-------------------------------------+-----
Stealth        | 2 3 4 6 7 8 |  8.0
Short Blades   | 3 4 6 7 8 |  8.0
Slings         | 4 7 11 12 | 12.0
Shields        | 3 4 7 |  7.2
Fighting       | 4 5 7 |  7.7
Dodging        | 6 7 9 |  9.8
Evocations     | 11 12 | 12.3

Action                   |  1- 3 |  4- 6 |  7- 9 | 10-12 || total
-------------------------+-------+-------+-------+-------++-------
Melee: Rapier            |    90 |   174 |    39 |       ||   303
       Dagger            |       |       |   176 |   645 ||   821
 Fire: Hunting sling     |       |       |   796 |  1592 ||  2388
       Blowgun           |       |       |       |   116 ||   116
       Arbalest          |       |       |       |    40 ||    40
Throw: Throwing net      |       |       |     1 |     2 ||     3
       Tomahawk          |       |       |       |     6 ||     6
       Stone             |       |       |       |     1 ||     1
 Abil: Evoke Berserk Rag |       |     3 |     2 |       ||     5
       Evoke Flight      |       |       |       |     7 ||     7
Evoke: Wand              |       |       |       |    33 ||    33
  Use: Potion            |       |       |     3 |     2 ||     5
       Scroll            |       |       |     1 |    16 ||    17
 Stab: Sleeping          |       |     7 |     4 |     5 ||    16
       Distracted        |       |     1 |       |     3 ||     4
       Held in net/web   |       |       |     1 |       ||     1
       Paralysed         |       |       |       |    12 ||    12
  Eat: Ration            |       |     2 |     4 |    10 ||    16
Armor: Robe              |     6 |     8 |    17 |    34 ||    65
Dodge: Dodged            |    60 |   115 |   194 |   488 ||   857
Block: Buckler           |    31 |    40 |    96 |   259 ||   426

Table legend:
 A = Spawn XP
 B = Non-spawn XP
 C = Spawn XP percentage of total XP
 D = Spawn monster count
 E = Non-spawn monster count
 F = Spawn count percentage of total count
 G = Total turns spent on level
                    A         B        C        D         E        F      G
               +---------+---------+-------+---------+---------+-------+---------
         Total |       0 |   32647 |   0.0 |       0 |     482 |   0.0 | 27911
               +---------+---------+-------+---------+---------+-------+---------
           D:1 |       0 |      20 |   0.0 |       0 |      14 |   0.0 |  1337
           D:2 |       0 |     286 |   0.0 |       0 |      18 |   0.0 |   730
           D:3 |       0 |     480 |   0.0 |       0 |      41 |   0.0 |  1455
           D:4 |       0 |     262 |   0.0 |       0 |      10 |   0.0 |  2808
           D:5 |       0 |     866 |   0.0 |       0 |      76 |   0.0 |  2795
           D:6 |       0 |    1750 |   0.0 |       0 |      28 |   0.0 |  1902
           D:7 |       0 |    2149 |   0.0 |       0 |      37 |   0.0 |  1888
           D:8 |       0 |    3169 |   0.0 |       0 |      22 |   0.0 |  1779
           D:9 |       0 |    3238 |   0.0 |       0 |      26 |   0.0 |  2381
          D:10 |       0 |    8133 |   0.0 |       0 |      65 |   0.0 |  4052
          D:11 |       0 |    7484 |   0.0 |       0 |      75 |   0.0 |  3064
        Lair:1 |       0 |     438 |   0.0 |       0 |       2 |   0.0 |   302
         Orc:1 |       0 |    2125 |   0.0 |       0 |      19 |   0.0 |   747
         Sewer |       0 |      61 |   0.0 |       0 |      23 |   0.0 |   920
        Bailey |       0 |    2186 |   0.0 |       0 |      26 |   0.0 |  1730
               +---------+---------+-------+---------+---------+-------+---------
